 Dungeon Crawl Stone Soup version 0.17.0-28-g6e173f8 (webtiles) character file.

303 Sidor the Covered (level 6, 0/48 HPs)
             Began as a Human Fighter on Nov 23, 2015.
             Slain by Grinder (4 damage)
             ... on level 3 of the Dungeon.
             The game lasted 00:32:06 (2077 turns).

Sidor the Covered (Human Fighter)                   Turns: 2077, Time: 00:32:06

Health: 0/48       AC: 10    Str: 19    XL:     6   Next: 66%
Magic:  6/6        EV:  8    Int:  8    God:
Gold:   130        SH:  9    Dex: 12    Spells: 0 memorised, 5 levels left

rFire  . . .     SeeInvis .     a - +1 war axe
rCold  . . .     Clarity  .     b - +0 scale mail
rNeg   . . .     SustAt   .     c - +0 shield
rPois  .         Gourm    .     m - +0 helmet
rElec  .         Spirit   .     k - +0 cloak
rCorr  .         Warding  .     u - +0 pair of gloves
rMut   .         Stasis   .     (no boots)
MR     .....                    (no amulet)
Stlth  ..........               (no ring)
                                (no ring)

@: not resistant to hostile enchantments, extremely unstealthy
A: no striking features
a: no special abilities


You were on level 3 of the Dungeon.
You were not hungry.

You visited 1 branch of the dungeon, and saw 3 of its levels.

You collected 130 gold pieces.

Inventory:

Hand Weapons
 a - a +1 war axe (weapon)
Missiles
 j - 23 poisoned needles
Armour
 b - a +0 scale mail (worn)
 c - a +0 shield (worn)
 k - a +0 cloak (worn)
 m - a +0 helmet (worn)
 u - a +0 pair of gloves (worn)
Scrolls
 f - a scroll of identify
 i - a scroll of immolation
 t - 2 scrolls of teleportation
 v - a scroll of remove curse
 w - a scroll of blinking
Potions
 d - 3 potions of might
 h - a potion of mutation {unknown}
 l - a potion of invisibility {unknown}
 n - a potion of lignification {unknown}
 o - 2 potions of curing {unknown}
 p - a potion of poison {unknown}
 q - a potion of degeneration {unknown}
Comestibles
 r - a meat ration
 s - a bread ration


   Skills:
 + Level 3.8 Fighting
 + Level 3.3 Axes
 + Level 4.4 Armour
 + Level 2.2 Dodging
 + Level 0.2 Stealth
 + Level 4.1 Shields


You had 5 spell levels left.
You didn't know any spells.

Dungeon Overview and Level Annotations

Branches:
Dungeon (3/15)

Altars:
Zin

Annotations:
D:3 Grinder


Message History

Grinder gestures at you.
You suddenly lose the ability to move!
Grinder hits you but does no damage. Grinder gestures at you.
Pain shoots through your body!
* * * LOW HITPOINT WARNING * * *
Grinder gestures at you. Pain shoots through your body!
* * * LOW HITPOINT WARNING * * *
You can move again.
Drink which item? (? for menu, Esc to quit)
It was a potion of brilliance.
You feel clever all of a sudden. Grinder hits you but does no damage.
Drink which item? (? for menu, Esc to quit)
It was a potion of cancellation.
Your magical effects are unravelling.
You feel magically purged.
You feel a little less clever now. Grinder hits you.
You die...

#... ####.# ##....##
##......##
#####........#####
..>.........#....# ##.#
.####........###.##.....
.# ##......#....5..# .#
##....##.##@##..... .#
####.## ##.# ##.# .# #.#
#.†.....# ## #..
..........#
####.#######.## ### .#
.# ##.## .#
##...##.####.
##............


You could see Grinder.

Vanquished Creatures
  Sigmund (D:2)
  Ijyb (D:2)
  Jessica (D:2)
  Robin (D:2)
  4 adders
  2 worms (D:3)
  3 giant geckos
  2 giant cockroaches (D:1)
  8 hobgoblins
  5 bats
  2 giant newts
  11 goblins
  A kobold (D:1)
  4 rats
46 creatures vanquished.

Notes
Turn   | Place    | Note
--------------------------------------------------------------
     0 | D:1      | Sidor the Human Fighter began the quest for the Orb.
     0 | D:1      | Reached XP level 1. HP: 18/18 MP: 1/1
   353 | D:1      | Reached XP level 2. HP: 20/24 MP: 2/2
   995 | D:2      | Noticed Jessica
  1002 | D:2      | Killed Jessica
  1002 | D:2      | Reached skill level 1 in Dodging
  1002 | D:2      | Reached XP level 3. HP: 29/29 MP: 3/3
  1017 | D:2      | Noticed Robin
  1030 | D:2      | Killed Robin
  1030 | D:2      | Reached XP level 4. HP: 25/35 MP: 4/4
  1198 | D:2      | Found a glowing silver altar of Zin.
  1256 | D:2      | Noticed Sigmund
  1258 | D:2      | Noticed Ijyb
  1269 | D:2      | Killed Sigmund
  1269 | D:2      | Reached skill level 4 in Armour
  1269 | D:2      | Reached XP level 5. HP: 23/41 MP: 5/5
  1269 | D:2      | Reached XP level 6. HP: 26/47 MP: 6/6
  1327 | D:2      | Killed Ijyb
  1570 | D:2      | Found a faded altar to an unknown god.
  2049 | D:3      | Noticed Grinder
  2058 | D:3      | Paralysed by Grinder for 7 turns
  2073 | D:3      | Paralysed by Grinder for 3 turns
  2077 | D:3      | Slain by Grinder

Action                   |  1- 3 |  4- 6 || total
-------------------------+-------+-------++-------
Melee: War axe           |    68 |   127 ||   195
  Use: Scroll            |     7 |     3 ||    10
       Potion            |       |     2 ||     2
  Eat: Bread ration      |       |     1 ||     1
